 Dungeon Crawl Stone Soup version 0.24-a0-778-g74da537585 (webtiles) character file.

Game seed: 12285487494046845615, levelgen mode: deterministic

567 Kohma the Protected (level 7, -5/51 HPs)
             Began as a Gnoll Wanderer on Oct 7, 2019.
             Slain by an ogre
             ... wielding a +0 giant club
              (17 damage)
             ... on level 5 of the Dungeon.
             The game lasted 00:10:44 (3669 turns).

Kohma the Protected (Gnoll Wanderer)                Turns: 3669, Time: 00:10:45

Health: -5/51      AC: 11    Str: 15    XL:     7   Next: 33%
Magic:  12/12      EV: 10    Int: 14    God:
Gold:   136        SH:  0    Dex: 16    Spells: 13/13 levels left

rFire    + . .     SeeInvis .   x - +1 falchion (slice)
rCold    . . .     Gourm    .   (no shield)
rNeg     . . .     Faith    .   z - +3 scale mail {rF+}
rPois    .         Spirit   .   (no helmet)
rElec    .         Reflect  .   (no cloak)
rCorr    .         Harm     .   (no gloves)
MR       .....                  (no boots)
Stlth    +.........             (no amulet)
HPRegen  0.17/turn              (no ring)
MPRegen  0.13/turn              (no ring)

@: no status effects
A: distributed training, fangs 1, strong nose
a: no special abilities


You were on level 5 of the Dungeon.
You were not hungry.

You visited 1 branch of the dungeon, and saw 4 of its levels.

You collected 136 gold pieces.

Inventory:

Hand Weapons
 x - a +1 falchion of slicing (weapon)
Missiles
 e - 136 stones
 h - 8 poisoned darts
 j - 5 javelins (quivered)
 k - 26 arrows
Armour
 z - a +3 scale mail of fire resistance (worn)
Jewellery
 y - an uncursed ring of positive energy {unknown}
Scrolls
 c - 4 scrolls of identify {unknown}
 l - 2 scrolls of enchant weapon {unknown}
 m - 2 scrolls of teleportation {unknown}
 o - a scroll of noise {unknown}
 p - a scroll of amnesia {unknown}
 s - a scroll of remove curse {unknown}
 t - a scroll of fear {unknown}
 u - a scroll of random uselessness {unknown}
 v - a scroll of magic mapping {unknown}
Potions
 a - a potion of berserk rage {unknown}
 f - a potion of ambrosia {unknown}
 g - 2 potions of heal wounds {unknown}
 i - 3 potions of brilliance {unknown}
 n - 2 potions of lignification {unknown}
 q - a potion of might {unknown}
 r - a potion of magic {unknown}
Comestibles
 d - 10 rations
 w - 3 chunks of flesh


   Skills:
 + Level 2.3 Fighting
 + Level 2.3 Short Blades
 + Level 2.3 Long Blades
 + Level 2.3 Axes
 + Level 2.3 Maces & Flails
 + Level 2.3 Polearms
 + Level 2.3 Staves
 + Level 2.3 Slings
 + Level 2.3 Bows
 + Level 3.5 Crossbows
 + Level 3.5 Throwing
 + Level 8.9 Armour
 + Level 2.3 Dodging
 + Level 2.3 Stealth
 + Level 3.5 Shields
 + Level 2.3 Unarmed Combat
 + Level 3.7 Spellcasting
 + Level 1.9 Conjurations
 + Level 1.9 Hexes
 + Level 1.9 Charms
 + Level 1.9 Summonings
 + Level 1.9 Necromancy
 + Level 1.9 Translocations
 + Level 1.9 Transmutations
 + Level 1.9 Fire Magic
 + Level 1.9 Ice Magic
 + Level 4.3 Air Magic
 + Level 1.9 Earth Magic
 + Level 1.9 Poison Magic
 + Level 2.6 Invocations
 + Level 2.3 Evocations


You had 13 spell levels left.
You didn't know any spells.
Your spell library contained the following spells:

 Spells                   Type           Power        Failure   Level  Hunger
 Poisonous Vapours        Pois/Air       ##....       26%         2    ##.....
 Swiftness                Chrm/Air       ##......     26%         2    ##.....


Dungeon Overview and Level Annotations

Branches:
Dungeon (3/15)

Altars:
Dithmenos
Trog
Wu Jian


Innate Abilities, Weirdness & Mutations

Your experience applies equally to all skills.
You have very sharp teeth.
Your uncanny sense of smell can sniff out nearby items.


Message History

a +0 halberd; a gnoll skeleton Throwing (i - inventory. (/) - cycle)
j - 8 javelins (quivered)
Press: ? - help, Shift-Dir - straight line, f - ogre
Aim: an ogre, wielding a +0 giant club You throw a javelin.
The javelin closely misses the ogre.
Throwing (i - inventory. (/) - cycle)
j - 7 javelins (quivered)
Press: ? - help, Shift-Dir - straight line, f/p - ogre
Aim: an ogre, wielding a +0 giant club You throw a javelin.
The javelin completely misses the ogre.
Throwing (i - inventory. (/) - cycle)
j - 6 javelins (quivered)
Press: ? - help, Shift-Dir - straight line, f/p - ogre
Aim: an ogre, wielding a +0 giant club You throw a javelin.
The javelin pierces through the ogre!
The ogre is heavily wounded.
The ogre hits you with a +0 giant club.
* * * LOW HITPOINT WARNING * * *
You completely miss the ogre.
The ogre is heavily wounded.
The ogre hits you with a +0 giant club!
You die...

#..# #. .#. #. #..#
#.##.#. #. #..#
#..O... #. #...
...... #.
#.####..... ###.
#######...†).....
...
........#.##.....
#.########...###....
#..@O.....(### #.##
############ ##


You could see an ogre.

Vanquished Creatures
  Grinder (D:3)
  A scorpion (D:5)
  A bullfrog skeleton (D:5)
  A centaur zombie (D:5)
  An orc priest (D:3)
  Jessica (D:3)
  A worker ant (D:2)
  3 gnolls (D:5)
  4 adders (D:3)
  2 oozes (D:1)
  A worm (D:3)
  3 dart slugs
  7 leopard geckos
  8 orcs (D:3)
  4 ball pythons
  9 bats
  4 giant cockroaches
  10 goblins
  9 hobgoblins
  7 kobolds
  A quokka (D:5)
  3 frilled lizards
  6 rats
88 creatures vanquished.

Notes
Turn   | Place    | Note
-------+----------+-------------------------------------------
     0 | D:1      | Kohma the Gnoll Wanderer began the quest for the Orb.
     0 | D:1      | Kohma set off with the following items: a +0 hand axe, a +2
                  | scale mail, a ration; and the following spells available to
                  | memorise: Poisonous Vapours, Swiftness
     0 | D:1      | Reached XP level 1. HP: 13/13 MP: 4/4
   394 | D:1      | Reached XP level 2. HP: 20/20 MP: 5/5
   561 | D:1      | Reached XP level 3. HP: 25/25 MP: 7/7
   886 | D:1      | Reached skill level 1 in Invocations
  1227 | D:2      | Reached skill level 1 in Fighting
  1227 | D:2      | Reached skill level 1 in Short Blades
  1227 | D:2      | Reached skill level 1 in Long Blades
  1227 | D:2      | Reached skill level 1 in Axes
  1227 | D:2      | Reached skill level 1 in Maces & Flails
  1227 | D:2      | Reached skill level 1 in Polearms
  1227 | D:2      | Reached skill level 1 in Staves
  1227 | D:2      | Reached skill level 1 in Slings
  1227 | D:2      | Reached skill level 1 in Bows
  1227 | D:2      | Reached skill level 1 in Dodging
  1227 | D:2      | Reached skill level 1 in Stealth
  1227 | D:2      | Reached skill level 1 in Unarmed Combat
  1227 | D:2      | Reached skill level 1 in Evocations
  1244 | D:2      | Found a shadowy altar of Dithmenos.
  1246 | D:2      | Found a bloodstained altar of Trog.
  1301 | D:2      | Reached XP level 4. HP: 32/32 MP: 8/8
  1668 | D:2      | Found an ornate altar of the Wu Jian Council.
  1837 | D:3      | Reached skill level 1 in Conjurations
  1837 | D:3      | Reached skill level 1 in Hexes
  1837 | D:3      | Reached skill level 1 in Charms
  1837 | D:3      | Reached skill level 1 in Summonings
  1837 | D:3      | Reached skill level 1 in Necromancy
  1837 | D:3      | Reached skill level 1 in Translocations
  1837 | D:3      | Reached skill level 1 in Transmutations
  1837 | D:3      | Reached skill level 1 in Fire Magic
  1837 | D:3      | Reached skill level 1 in Ice Magic
  1837 | D:3      | Reached skill level 1 in Earth Magic
  1837 | D:3      | Reached skill level 1 in Poison Magic
  1849 | D:3      | Reached XP level 5. HP: 6/37 MP: 9/9
  3023 | D:3      | Noticed Grinder
  3046 | D:3      | Killed Grinder
  3046 | D:3      | Reached XP level 6. HP: 13/44 MP: 9/11
  3369 | D:3      | Noticed Jessica
  3375 | D:3      | Killed Jessica
  3458 | D:3      | You fall into a shaft and drop 2 floors!
  3458 | D:5      | Entered Level 5 of the Dungeon
  3475 | D:5      | Reached XP level 7. HP: 44/50 MP: 12/12
  3669 | D:5      | Slain by an ogre

Levels and vault maps discovered:
D:1:      dpeg_arrival_leaves_temple_mockup, layout_loops_cross
D:2:      layout_rooms, nicolae_overflow_crystal_walls,
          grunt_temple_overflow_open, first_ration, minmay_misc_feat_five
D:3:      layout_rooms, lemuel_zombie_altar_kikubaaqudgha, uniq_jessica,
          uniq_grinder
D:5:      layout_loops_ring, overflow_temple_1_default,
          nemelex_xobeh_ov_fountains_minmay, minmay_temple_entry_mist,
          xom_redecorated

Skill      XL: |  1  2  3  4  5 |
---------------+----------------+-----
Invocations    | 1 2 |  2.6
Fighting       | 1 2 |  2.3
Short Blades   | 1 2 |  2.3
Long Blades    | 1 2 |  2.3
Axes           | 1 2 |  2.3
Maces & Flails | 1 2 |  2.3
Polearms       | 1 2 |  2.3
Staves         | 1 2 |  2.3
Slings         | 1 2 |  2.3
Bows           | 1 2 |  2.3
Dodging        | 1 2 |  2.3
Stealth        | 1 2 |  2.3
Unarmed Combat | 1 2 |  2.3
Evocations     | 1 2 |  2.3
Spellcasting   | 3 |  3.7
Conjurations   | 1 |  1.9
Hexes          | 1 |  1.9
Charms         | 1 |  1.9
Summonings     | 1 |  1.9
Necromancy     | 1 |  1.9
Translocations | 1 |  1.9
Transmutations | 1 |  1.9
Fire Magic     | 1 |  1.9
Ice Magic      | 1 |  1.9
Earth Magic    | 1 |  1.9
Poison Magic   | 1 |  1.9
Crossbows      | 3 |  3.5
Throwing       | 3 |  3.5
Shields        | 3 |  3.5
Air Magic      | 4 |  4.3
Armour         | |  8.9

Action                   |  1- 3 |  4- 6 |  7- 9 || total
-------------------------+-------+-------+-------++-------
Melee: Hand axe          |   130 |   144 |       ||   274
       Bite              |    13 |    24 |     4 ||    41
       Falchion          |       |    34 |    31 ||    65
       Punch             |       |     1 |     3 ||     4
Throw: Stone             |     8 |       |       ||     8
       Javelin           |     2 |    15 |     3 ||    20
  Eat: Chunk             |     1 |     8 |       ||     9
Armor: Scale mail        |   104 |   132 |    13 ||   249
Dodge: Dodged            |    81 |   123 |    23 ||   227
       Rpst.: Falchion   |       |     8 |     6 ||    14

Table legend:
 A = Non-vault XP
 B = Vault XP
 C = Vault XP percentage of total XP
 D = Non-vault monster count
 E = Vault monster count
 F = Vault count percentage of total count
                 A         B        C        D         E       F
            +---------+---------+-------+---------+---------+-------
      Total |     484 |     327 |  40.3 |      86 |       2 |   2.3
            +---------+---------+-------+---------+---------+-------
        D:1 |      63 |       0 |   0.0 |      27 |       0 |   0.0
        D:2 |      63 |       0 |   0.0 |      17 |       0 |   0.0
        D:3 |     161 |     327 |  67.0 |      35 |       2 |   5.4
        D:5 |     197 |       0 |   0.0 |       7 |       0 |   0.0
            +---------+---------+-------+---------+---------+-------
